 Dungeon Crawl Stone Soup version 0.29.1-1-gd02db6906a (webtiles) character file.

Game seed: 5024001842380079563

4 Snarg the Vexing (level 1, -1/12 HPs)
             Began as a Kobold Arcane Marksman on Sept 30, 2022.
             Slain by a kobold
             ... wielding a +1 whip of distortion
              (3 damage)
             ... on level 1 of the Dungeon.
             The game lasted 00:02:00 (208 turns).

Snarg the Vexing (Kobold Arcane Marksman)            Turns: 208, Time: 00:02:01

Health: -1/12      AC:  2    Str:  7    XL:     1   Next: 77%
Magic:  0/2        EV: 15    Int: 14    God:
Gold:   3          SH:  0    Dex: 15    Spells: 1/2 levels left

rFire   . . .      SeeInvis .   b - +1 sling
rCold   . . .      Faith    .   (no shield)
rNeg    . . .      Spirit   .   c - +0 robe
rPois   .          Reflect  .   (no helmet)
rElec   .          Harm     .   (no cloak)
rCorr   .          Rampage  .   (no gloves)
Will    .....                   (no boots)
Stlth   ++........              (no amulet)
HPRegen 0.04/turn               (no ring)
MPRegen 0.08/turn               (no ring)

@: no status effects
A: small, no large weapons, nightstalker 3
a: no special abilities


You were on level 1 of the Dungeon.
You visited 1 branch of the dungeon, and saw 1 of its levels.

You collected 27 gold pieces.
You spent 24 gold pieces at shops.

Inventory:

Hand Weapons
 a - a +0 short sword
 b - a +1 sling (weapon)
 g - a +0 dagger
Armour
 c - a +0 robe (worn)
Scrolls
 d - 2 scrolls of poison
 e - a scroll of summoning {unknown}
 f - 2 scrolls of identify
Potions
 h - a potion of brilliance {unknown}


   Skills:
 + Level 1.1 Fighting
 + Level 2.9 Ranged Weapons
 + Level 2.5 Dodging
 - Level 1.1 Spellcasting
 + Level 3.2 Hexes


You had one spell level left.
You knew the following spells:

 Your Spells              Type           Power      Damage    Failure   Level
a - Slow                  Hex            36%        N/A       7%          1

Your spell library contained the following spells:

 Spells                   Type           Power      Damage    Failure   Level
 Inner Flame              Hex/Fire       5%         N/A       38%         3
 Portal Projectile        Hex/Tloc       10%        N/A       38%         3
 Cause Fear               Hex            4%         N/A       56%         4


Dungeon Overview and Level Annotations

Branches:
Dungeon (1/15)

Altars:

Shops:
D:1 ?


Innate Abilities, Weirdness & Mutations

You are small and have problems with some larger weapons.
You are completely attuned to the shadows.


Message History

Unknown command.
Unknown command.
The bat misses you. The bat barely misses you. The bat closely misses you.
The bat attacks as you move away! The bat closely misses you. x2
The bat closely misses you. The bat hits you.
Casting: Slow (safe; 7% risk of failure)
Confirm with . or Enter, or press ? or * to list all spells.
Aiming: Slow (safe; 7% risk of failure)
Press: ? - help, Shift-Dir - straight line, f/p - bat
Aim: a bat (chance to affect: 64%)
The bat seems to slow down.
The bat hits you but does no damage. x2
You shoot a sling bullet. The sling bullet hits the bat!
You kill the bat!
Casting: Slow (safe; 7% risk of failure)
Confirm with . or Enter, or press ? or * to list all spells.
Aiming: Slow (safe; 7% risk of failure)
Press: ? - help, Shift-Dir - straight line, f - kobold
Aim: a kobold, wielding a +1 whip of distortion (chance to affect: 64%)
The kobold struggles to resist.
The kobold closely misses you.
Casting: Slow (safe; 7% risk of failure)
Confirm with . or Enter, or press ? or * to list all spells.
You don't have enough magic to cast this spell.
Unknown command.
You shoot a sling bullet.
The sling bullet hits the kobold but does no damage.
The kobold hits you with a +1 whip of distortion.
Ouch! That really hurt!
The kobold hits you with a +1 whip of distortion.
* * * LOW HITPOINT WARNING * * *
Unknown command.
The kobold attacks as you move away! The kobold closely misses you.
Found 8 gold pieces.
The kobold attacks as you move away! The kobold closely misses you.
You see here 8 gold pieces.
The kobold attacks as you move away!
The kobold hits you with a +1 whip of distortion.
You die...

###..#######.......#...##
#...<...#...# #.......#
#.#.#.#.# # #####.# #†#
#.# .#####.# ....@K.#
########


You could see a kobold.

Vanquished Creatures
  2 hobgoblins (D:1)
  2 bats (D:1)
  A kobold (D:1)
5 creatures vanquished.

Notes
Turn   | Place    | Note
-------+----------+-------------------------------------------
     0 | D:1      | Snarg the Kobold Arcane Marksman began the quest for the
                  | Orb.
     0 | D:1      | Reached XP level 1. HP: 12/12 MP: 2/2
    57 | D:1      | Found Rohob's Magic Scroll Shoppe.
    70 | D:1      | Bought a scroll of identify for 24 gold pieces
   208 | D:1      | Slain by a kobold

Illustrated notes

Levels and vault maps discovered:
D:1:      psy_arrival_basics, layout_rooms, serial_shops, nicolae_diamond_shop

Action                   || total
-------------------------++-------
 Fire: Sling             ||    14
 Cast: Slow              ||     5
Armor: Robe              ||     5
Dodge: Dodged            ||    12
